 Seeded DCSS version 0.29.1-2-gbd0b4ee654 (webtiles) character file.

Game seed: 1 (custom seed)

20447 Kazon the Covert (level 12, -10/75 HPs)
             Began as a Vampire Berserker on Nov 24, 2022.
             Was a High Priest of Trog.
             Mangled by a blink frog (15 damage)
             ... on level 2 of the Lair of Beasts on Nov 25, 2022.
             The game lasted 00:57:14 (9829 turns).

Kazon the Covert (Vampire Berserker)                Turns: 9829, Time: 00:57:14

Health: -10/75     AC: 12    Str: 20    XL:     12   Next: 45%
Magic:  12/12      EV: 16    Int:  9    God:    Trog [*****.]
Gold:   693        SH:  5    Dex: 17    Spells: 11/11 levels left

rFire   + . .      SeeInvis +   f - +2 Maxwell's thermic engine {flame, freeze}
rCold   + + +      Faith    .   c - +0 buckler
rNeg    + + +      Spirit   .   G - +3 leather armour {rC+}
rPois   ∞          Reflect  .   y - +0 helmet
rElec   .          Harm     .   Q - scarf {rC+ rF+}
rCorr   .          Rampage  .   A - +0 pair of gloves of Erepn {Regen+ Dex+2 Stlth+}
Will    +....                   k - +2 pair of boots
Stlth   ++++++++..              P - amulet of the acrobat
HPRegen 0.00/turn               O - ring of protection from cold
MPRegen 0.13/turn               D - ring of protection from cold

@: bloodless, inhibited regen
A: bloodless, fangs 3, see invisible, vampiric 2
a: Bat Form, Revivify, Renounce Religion, Trog's Hand, Brothers in Arms


You were on level 2 of the Lair of Beasts.
You worshipped Trog.
Trog was extremely pleased with you.
You visited 2 branches of the dungeon, and saw 14 of its levels.

You collected 919 gold pieces.
You spent 226 gold pieces at shops.

Inventory:

Hand Weapons
 e - a +2 dagger of venom
 f - the +2 Maxwell's thermic engine (weapon) {flame, freeze}
   (You found it on level 1 of the Lair of Beasts)

   It burns those it strikes, dealing additional fire damage.
   Big, fiery blades are also staple armaments of hydra-hunters.
   It freezes those it strikes, dealing additional cold damage.
   It can also slow down cold-blooded creatures.
   It becomes more effective when it hits something.
   This effect fades over time.
 s - the +3 falchion of Winter {venom, rCorr}
   (You bought it in a shop on level 3 of the Dungeon)

   It poisons the flesh of those it strikes.
   rCorr:     It protects you from acid and corrosion.
Missiles
 h - 15 stones (quivered)
 n - a throwing net
 o - 27 boomerangs
 C - 4 curare-tipped darts
 K - 35 poisoned darts
Armour
 c - a +0 buckler (worn)
 k - a +2 pair of boots (worn)
 y - a +0 helmet (worn)
 A - the +0 pair of gloves of Erepn (worn) {Regen+ Dex+2 Stlth+}
   (You acquired it on level 1 of the Dungeon)

   Dex:       It affects your dexterity (+2).
   Regen:     It increases your rate of health regeneration.
   Stlth:     It makes you more stealthy.
 G - a +3 leather armour of cold resistance (worn)
 Q - a scarf of resistance (worn)
Jewellery
 r - a ring of positive energy
 D - a ring of protection from cold (right hand)
 O - a ring of protection from cold (left hand)
 P - an amulet of the acrobat (around neck)
Wands
 g - a wand of roots (6)
 x - a wand of polymorph (4)
 z - a wand of mindburst (19)
 B - a wand of paralysis (26)
 F - a wand of flame (38)
Scrolls
 b - 2 scrolls of enchant weapon {unknown}
 i - 3 scrolls of identify
 l - 2 scrolls of immolation {unknown}
 p - 2 scrolls of poison {unknown}
 q - 3 scrolls of fog {unknown}
 t - 4 scrolls of teleportation
 u - a scroll of magic mapping {unknown}
 w - 2 scrolls of noise {unknown}
 J - 3 scrolls of fear
 L - a scroll of amnesia {unknown}
 M - a scroll of summoning {unknown}
 R - a scroll of vulnerability {unknown}
 U - a scroll of enchant armour {unknown}
Potions
 a - 2 potions of ambrosia {unknown}
 d - 3 potions of flight
 j - 4 potions of berserk rage
 m - 2 potions of haste
 v - 6 potions of lignification {unknown}
 E - 2 potions of cancellation
 H - 2 potions of might
 I - a potion of curing
 T - a potion of heal wounds
 V - a potion of invisibility
Miscellaneous
 N - a condenser vane
 S - a phial of floods


   Skills:
 * Level 8.6 Fighting
 + Level 6.0(9.7) Short Blades
 + Level 10.8(11.3) Long Blades
 + Level 4.8 Throwing
 + Level 4.5 Armour
 + Level 8.8 Dodging
 + Level 12.6 Stealth
 + Level 3.1 Shields
 * Level 6.3 Evocations


You had 11 spell levels left.
You didn't know any spells.
Your spell library was empty.

Dungeon Overview and Level Annotations

Branches:
Dungeon (12/15)            Temple (0/1) D:7            Lair (2/5) D:10
  Swamp: Lair:2-3    Shoals: Lair:2-3     Snake: Lair:2-3    Spider: Lair:2-3
    Orc: D:9-12

Altars:
Hepliaklqana
Uskayaw

Shops:
D:3 (   D:8 ?(==   D:10 :


Innate Abilities, Weirdness & Mutations

You do not regenerate when monsters are visible.
You are frail without blood (-20% HP).
You can heal yourself when you bite living creatures.
You are immune to poison.
You have razor-sharp teeth.
You have supernaturally acute eyesight. (SInv)
You are afflicted with vampirism and can become a bat while bloodless.


Message History

The blink frog is moderately wounded.
The blink frog hits you. The blink frog misses you.
You closely miss the blink frog. You block the blink frog's attack.
The blink frog completely misses you. The blink frog hits you!
You barely miss the blink frog.
The blink frog is moderately wounded.
You block the blink frog's attack.
The blink frog blinks!
The blink frog completely misses you. The blink frog hits you!
The blink frog blinks!
You miss the blink frog. You bite the blink frog!
You draw the blink frog's blood!
You feel better.
The blink frog is heavily wounded.
The blink frog barely misses you.
The blink frog blinks!
You block the blink frog's attack. The blink frog hits you.
The blink frog blinks!
You hit the blink frog. You burn the blink frog. You freeze the blink frog.
The blink frog seems to slow down.
The blink frog is severely wounded.
The blink frog hits you!
* * * LOW HITPOINT WARNING * * *
You hit the blink frog. You burn the blink frog. You freeze the blink frog.
You kill the blink frog!
Trog accepts your kill.
You barely miss the blink frog.
The blink frog is heavily wounded.
The blink frog misses you. The blink frog completely misses you.
You miss the blink frog.
The blink frog is heavily wounded.
The blink frog hits you!
* * * LOW HITPOINT WARNING * * *
Unknown command.
You hit the blink frog. You burn the blink frog. You freeze the blink frog.
The blink frog seems to slow down.
Your bite misses the blink frog.
The blink frog is severely wounded.
The blink frog hits you.
* * * LOW HITPOINT WARNING * * *
You miss the blink frog.
The blink frog is severely wounded.
The blink frog barely misses you. The blink frog hits you!
You die...

##...........#..#...#~...#.....
##...##.........~~≈~~....#....
##...# #.......#~≈≈≈#...#...#
#....## ##......≈≈≈~........#
#.....# #......~≈≈≈#.......#
##....# #......~~≈≈#....#..#
##...P### #..#.~~#~.......#
##....##.##. #.F.........##..#
##.............#@###.##.#.##..###
...........#...F## ####....†..#..
##.............. ........>.....
##...............................
#...>.......#....#...............
##......>..#....####...#.##....#.
##P.....P##.....##......#....##
#...............#...........#
##..............#......#....#


You could see 2 blink frogs.

Vanquished Creatures
  Erolcha (D:10)
  A two-headed ogre (D:9)
  An ugly thing (D:11)
  2 black mambas
  3 cane toads
  Maggie (D:6)
  An unseen horror (D:12)
  4 kobold demonologists (D:11)
  6 komodo dragons
  3 trolls
  Prince Ribbit (D:9)
  4 blink frogs (Lair:2)
  2 shadows
  A vampire (D:10)
  25 yaks
  2 wyverns
  A basilisk (Lair:1)
  Eustachio (D:5)
  2 steam dragons
  Menkaure (D:5)
  Edmund (D:6)
  2 acid dragons
  5 water moccasins
  5 orc warriors
  An ice beast (D:8)
  5 sky beasts
  2 black bears (D:6)
  5 centaurs
  An ogre (D:6)
  A wolf (D:10)
  2 phantoms (D:6)
  3 kobold brigands
  3 necrophages
  3 bullfrogs
  A gnoll sergeant (D:7)
  5 scorpions
  21 wights
  3 killer bees (D:10)
  An electric eel (D:10)
  A howler monkey (D:5)
  2 jellies (D:6)
  6 hounds
  7 orc priests
  A gnoll bouda (D:7)
  6 iguanas
  4 orc wizards
  Robin (D:3)
  15 gnolls
  13 adders
  3 shadow imps
  2 white imps (D:7)
  An ufetubus (D:5)
  3 worms
  37 orcs
  11 endoplasms
  A giant cockroach (D:1)
  16 goblins
  9 hobgoblins
  A jackal (D:4)
  27 kobolds
  A quokka (D:1)
  5 ball pythons
  4 bats
  3 frilled lizards
  6 rats
319 creatures vanquished.

Vanquished Creatures (collateral kills)
  Fannar (Lair:2)
  A catoblepas (Lair:2)
  A komodo dragon (Lair:2)
3 creatures vanquished.

Vanquished Creatures (others)
  A quokka (D:7)
  9 fungi (Lair:2)
  10 plants
20 creatures vanquished.

Grand Total: 342 creatures vanquished

Notes
Turn   | Place    | Note
-------+----------+-------------------------------------------
     0 | D:1      | Kazon the Vampire Berserker began the quest for the Orb.
     0 | D:1      | Reached XP level 1. HP: 17/17 MP: 1/1
    34 | D:1      | Identified a scroll of acquirement
    34 | D:1      | Acquired the +0 pair of gloves of Erepn {Regen+ Dex+2
                  | Stlth+}
   162 | D:1      | Reached XP level 2. HP: 23/23 MP: 2/2
   811 | D:2      | Gained mutation: You are afflicted with vampirism and can
                  | become a bat while bloodless. [Vampire growth]
   811 | D:2      | Reached XP level 3. HP: 28/29 MP: 3/3
   954 | D:2      | Reached ** piety under Trog
  1036 | D:2      | Reached XP level 4. HP: 26/35 MP: 4/4
  1090 | D:2      | Reached skill level 1 in Throwing
  1090 | D:2      | Reached skill level 1 in Stealth
  1367 | D:3      | Found Umat's Antique Weapon Boutique.
  1394 | D:3      | Bought a crude falchion for 184 gold pieces
  1394 | D:3      | Identified the +3 falchion of Winter {venom, rCorr} (You
                  | bought it in a shop on level 3 of the Dungeon)
  1638 | D:3      | Reached XP level 5. HP: 41/41 MP: 5/5
  1697 | D:3      | Noticed Robin
  1710 | D:3      | Killed Robin
  1711 | D:3      | Reached skill level 2 in Stealth
  1793 | D:3      | Reached skill level 5 in Fighting
  1793 | D:3      | Reached skill level 5 in Dodging
  1793 | D:3      | Reached skill level 7 in Stealth
  1793 | D:3      | Reached XP level 6. HP: 50/50 MP: 6/6
  2542 | D:4      | Found a hazy altar of Hepliaklqana.
  2650 | D:4      | Reached XP level 7. HP: 56/56 MP: 7/7
  2672 | D:4      | Reached *** piety under Trog
  2860 | D:5      | Entered Level 5 of the Dungeon
  2964 | D:5      | Noticed Menkaure
  2988 | D:5      | Noticed Eustachio
  3013 | D:5      | Reached skill level 5 in Short Blades
  3027 | D:5      | Reached skill level 8 in Stealth
  3130 | D:5      | Killed Eustachio
  3131 | D:5      | Reached skill level 1 in Evocations
  3131 | D:5      | Reached XP level 8. HP: 64/64 MP: 8/8
  3302 | D:5      | Killed Menkaure
  3838 | D:6      | Noticed Edmund
  3846 | D:6      | Reached skill level 9 in Stealth
  3846 | D:6      | Reached skill level 1 in Shields
  3857 | D:6      | Killed Edmund
  3858 | D:6      | Reached XP level 9. HP: 33/69 MP: 9/9
  4135 | D:6      | Reached **** piety under Trog
  4163 | D:6      | Noticed Maggie
  4169 | D:6      | Killed Maggie
  4171 | D:6      | Reached skill level 10 in Stealth
  4713 | D:7      | Reached XP level 10. HP: 76/76 MP: 10/10
  4946 | D:7      | Found a staircase to the Ecumenical Temple.
  5093 | D:7      | Found a hide-covered altar of Uskayaw.
  5323 | D:8      | Found Esumer's Weapon Shop.
  5564 | D:8      | Found Heidghoki's Jewellery Shop.
  5601 | D:8      | Found Zoxtaeshakh's Jewellery Boutique.
  5699 | D:8      | Found Quzidd's Magic Scroll Emporium.
  5715 | D:8      | Bought a scroll of teleportation for 42 gold pieces
  6406 | D:9      | Noticed a two-headed ogre
  6413 | D:9      | Killed a two-headed ogre
  6414 | D:9      | Reached skill level 11 in Stealth
  6431 | D:9      | Reached ***** piety under Trog
  6490 | D:9      | Noticed Prince Ribbit
  6495 | D:9      | Killed Prince Ribbit
  6702 | D:10     | Entered Level 10 of the Dungeon
  6780 | D:10     | Found a staircase to the Lair.
  6822 | D:10     | Noticed Erolcha
  6824 | D:10     | Killed Erolcha
  6825 | D:10     | Reached XP level 11. HP: 67/67 MP: 11/11
  6843 | D:10     | Identified the +5 long sword of the Land of Plenty {drain,
                  | Dex+3}
  7077 | D:10     | Received a gift from Trog
  7496 | D:10     | Reached skill level 5 in Evocations
  7622 | D:10     | Found Juagoaq's Book Shoppe.
  7844 | D:11     | Noticed a green ugly thing
  7848 | D:11     | Killed a green ugly thing
  8555 | D:12     | Reached skill level 10 in Long Blades
  8574 | D:12     | Noticed a two-headed ogre
  8650 | Lair:1   | Entered Level 1 of the Lair of Beasts
  8669 | D:10     | HP: 3/86 [poisoned by a black mamba]
  8793 | Lair:1   | You fall into a shaft and drop 1 floor!
  8800 | Lair:1   | Found the +2 Maxwell's thermic engine {flame, freeze}
  8803 | Lair:1   | Reached XP level 12. HP: 74/74 MP: 12/12
  8808 | Lair:1   | Reached skill level 12 in Stealth
  9561 | Lair:2   | Noticed a catoblepas
  9577 | Lair:2   | Noticed Fannar
  9587 | Lair:2   | Killed a catoblepas
  9603 | Lair:2   | Killed Fannar
  9829 | Lair:2   | Mangled by a blink frog

Illustrated notes

Levels and vault maps discovered:
D:1:      dpeg_arrival_three_smaller_balls, layout_basic
D:2:      layout_loops_ring
D:3:      layout_basic, serial_shops, nicolae_shop_stone, st_stairs_9,
          minmay_misc_feat_doors, eino_curves_03, uniq_robin
D:4:      minmay_wonky_spiral, layout_basic,
          mainiacjoe_overflow_surrounded_room, minivault_5
D:5:      layout_cave_pods, uniq_menkaure, uniq_eustachio
D:6:      cheibrodos_barr_body, layout_basic, minmay_crystal_room,
          minmay_pentangle, uniq_maggie, uniq_edmund
D:7:      layout_cave_pools, nicolae_uskayaw_murder_on_the_dancefloor,
          elyvilon_altar_4, minmay_temple_entry_purple_smoke
D:8:      layout_basic, serial_shops, shop_statue, kennysheep_little_box, shop,
          nicolae_shop_window_shopping
D:9:      layout_cave_pools, uniq_prince_ribbit1
D:10:     layout_stronghold, erik_lair_island, serial_shops,
          nicolae_shop_statue_plus, uniq_erolcha
D:11:     layout_roguey
D:12:     layout_loops_ring, orc_0_dummy, chequers_serial_rivers_marsh,
          uniq_lodul, uniq_nessos, uniq_rupert
Lair:1:   layout_long_grid, fungi_pond_lemuel, cheibrodos_lair_reptile_den
Lair:2:   layout_gridlike, uniq_fannar

Skill      XL: |  1  2  3  4  5  6  7  8  9 10 11 12 |
---------------+-------------------------------------+-----
Fighting       | 3 5 6 7 8 |  8.6
Throwing       | 1 3 4 |  4.8
Stealth        | 1 7 8 9 10 11 12 | 12.6
Long Blades    | 4 6 7 8 10 | 10.8
Dodging        | 5 6 7 8 |  8.8
Short Blades   | 4 5 6 |  6.0
Armour         | 4 |  4.5
Evocations     | 1 2 4 5 6 |  6.3
Shields        | 1 2 3 |  3.1

Action                   |  1- 3 |  4- 6 |  7- 9 | 10-12 || total
-------------------------+-------+-------+-------+-------++-------
Melee: Falchion          |    62 |    64 |   217 |   223 ||   566
       Bite              |     7 |     7 |    26 |    76 ||   116
       Punch             |     3 |       |     1 |       ||     4
       Dagger            |    18 |    45 |    62 |    86 ||   211
       Long sword        |       |       |       |   267 ||   267
       Double sword      |       |       |       |    49 ||    49
Throw: Stone             |     2 |    12 |    29 |    80 ||   123
Invok: Berserk           |       |       |     1 |     2 ||     3
       Brothers in Arms  |       |       |       |     2 ||     2
 Abil: Exsanguinate      |       |       |       |     2 ||     2
       Revivify          |       |       |       |     1 ||     1
Evoke: Wand              |       |       |       |     2 ||     2
  Use: Scroll            |     1 |       |     7 |     5 ||    13
       Potion            |       |     1 |     1 |     1 ||     3
 Stab: Sleeping          |     4 |    15 |    20 |    35 ||    74
       Distracted        |       |     1 |       |       ||     1
Armor: Animal skin       |    22 |    24 |    27 |       ||    73
       Leather armour    |       |       |    55 |   135 ||   190
Dodge: Dodged            |    55 |    64 |   172 |   339 ||   630
Block: Buckler           |       |       |    41 |   113 ||   154
